 Dungeon Crawl Stone Soup version 0.30.0-29-ga12c61a403 (webtiles) character file.

Game seed: 13837783891070030496

3756 Fecro the Covert (level 9, -6/44 HPs)
             Began as a Spriggan Brigand on June 20, 2023.
             Was an Initiate of Ashenzari.
             Mangled by an orc knight
             ... wielding a +0 war axe
              (11 damage)
             ... in a bailey.
             The game lasted 00:50:52 (10443 turns).

Fecro the Covert (Spriggan Brigand)                Turns: 10443, Time: 00:50:53

Health: -6/44      AC:  3    Str:  7    XL:     9   Next: 94%
Magic:  10/10      EV: 20    Int: 12    God:    Ashenzari [......]
Gold:   352        SH:  0    Dex: 21    Spells: 8/8 levels left

rFire   . . .        a - +2 dagger (venom)
rCold   . . .        (no shield)
rNeg    . . .        b - +0 robe
rPois   .            (helmet restricted)
rElec   .            c - +0 cloak
rCorr   .            (gloves unavailable)
SInv    +            (boots unavailable)
Will    +....        (no amulet)
Stlth   ++++++       (no ring)
HPRegen 0.27/turn    (no ring)
MPRegen 0.12/turn

%: no passive effects
@: very quick
A: very small, no large weapons, unfitting armour, see invisible, speed 3
a: Renounce Religion, Curse Item


You were in a bailey.
You worshipped Ashenzari.
Ashenzari was noncommittal.
You visited 2 branches of the dungeon, and saw 9 of its levels.
You also visited: Ossuary and Bailey.

You collected 352 gold pieces.

Inventory:

Hand Weapons
 a - a +2 dagger of venom (weapon)
Missiles
 d - 11 poisoned darts
 e - 3 curare-tipped darts (quivered)
 f - 72 stones
 k - 2 throwing nets
 s - 7 boomerangs
Armour
 b - a +0 robe (worn)
 c - a +0 cloak (worn)
Jewellery
 A - an amulet of magic regeneration
Wands
 x - a wand of digging (4)
 y - a wand of roots (3)
Scrolls
 g - 3 scrolls of immolation
 j - 3 scrolls of blinking
 l - 4 scrolls of teleportation
 m - 13 scrolls of identify
 p - 4 scrolls of enchant weapon
 r - 3 scrolls of fog
 v - a scroll of summoning
 w - 2 scrolls of torment
 B - 3 scrolls of fear
Potions
 h - 2 potions of ambrosia
 i - 2 potions of invisibility
 n - a potion of resistance
 o - 4 potions of attraction
 q - a potion of heal wounds
 u - a potion of degeneration
 z - 4 potions of lignification
 C - 2 potions of flight
 E - a potion of might


   Skills:
 + Level 3.4 Fighting
 * Level 4.8 Short Blades
 - Level 8.6 Ranged Weapons
 * Level 5.1 Throwing
 + Level 4.4 Dodging
 * Level 13.2 Stealth
 + Level 2.2 Evocations


You had 8 spell levels left.
You didn't know any spells.
Your spell library contained the following spells:

 Spells                   Type           Power      Damage    Failure   Level
 Frozen Ramparts          Ice            0%         1d1       69%         3
 Animate Dead             Necr           0%         N/A       97%         4
 Ice Form                 Ice/Tmut       0%         N/A       97%         4
 Passage of Golubria      Tloc           0%         N/A       97%         4
 Summon Ice Beast         Ice/Summ       0%         N/A       97%         4
 Borgnjor's Vile Clutch   Necr/Erth      0%         N/A       100%        5
 Silence                  Hex/Air        0%         N/A       100%        5
 Death Channel            Necr           0%         N/A       100%        6
 Lehudib's Crystal Spear  Conj/Erth      0%         10d2      100%        8
 Chain Lightning          Conj/Air       0%         N/A       100%        9
 Fire Storm               Conj/Fire      0%         5d1       100%        9
 Shatter                  Erth           0%         3d5*      100%        9


Dungeon Overview and Level Annotations

Branches:
Dungeon (8/15)             Temple (1/1) D:4         Ossuary (visited)
 Bailey (1/1)
   Lair: D:8-11

Altars:
Ashenzari
Cheibriados
Dithmenos
Elyvilon
Fedhas
Gozag
Hepliaklqana
Kikubaaqudgha
Makhleb
Okawaru
Qazlal
Ru
Wu Jian
Xom
Yredelemnul
Zin
The Shining One
Lugonu

Portals:
Abyss: D:7


Innate Abilities, Weirdness & Mutations

You are very small and have problems with some larger weapons.
You are too small for most types of armour.
You have supernaturally acute eyesight. (SInv)
You cover ground extremely quickly. (Speed+++)


Message History

The kobold throws a boomerang.
The boomerang barely misses you.
You barely miss the orc knight.
The orc knight hits you with a +0 war axe!!
Ouch! That really hurt!
* * * LOW HITPOINT WARNING * * *
You are too injured to fight recklessly!
You are too injured to fight recklessly!
You are too injured to fight recklessly!
You are too injured to fight recklessly!
You are too injured to fight recklessly!
You are too injured to fight recklessly!
You are too injured to fight recklessly!
You are too injured to fight recklessly!
Unknown command.
You are too injured to fight recklessly!
You are too injured to fight recklessly!
You are too injured to fight recklessly!
Unknown command.
Unknown command.
Unknown command.
Unknown command.
Unknown command.
Unknown command.
Unknown command.
Unknown command.
Unknown command.
Unknown command.
Unknown command.
Unknown command.
You hit the orc knight but do no damage.
The orc knight is poisoned.
The kobold throws a boomerang.
The boomerang completely misses you.
You completely miss the orc knight.
The orc knight is lightly wounded.
The orc knight closely misses you.
You barely miss the orc knight.
The orc warrior no longer looks unusually strong.
The kobold throws a boomerang.
The boomerang barely misses you.
The orc knight hits you with a +0 war axe!
You die...

#.........# ##.......##
##.....## ##...###
####...## ####.....##
###.......##
####..o...∩..##
####...oo@.......#
###.....(..~≈≈≈≈≈≈≈~#
#....(...≈≈≈≈≈≈≈≈≈≈≈≈≈#
#......≈≈≈≈≈#########≈≈≈
#....~≈≈≈≈≈≈K#ooKK...#K≈≈≈
≈≈≈≈≈≈(≈KK####.......# ##≈
≈≈≈≈≈....K#..####'####
##......###.K.^ ..
##.....# ..##


You could see 2 orc knights, 2 orc warriors and 5 kobolds.

Vanquished Creatures
  A two-headed ogre (D:8)
  2 hornets (D:7)
  A wraith (Ossuary)
  A wyvern (D:6)
  A water moccasin (D:5)
  An orc warrior (Bailey)
  4 ice beasts
  An ogre (D:4)
  A centaur (D:5)
  A kobold brigand (D:6)
  A gnoll sergeant (D:6)
  2 bullfrogs
  A scorpion (D:6)
  A water moccasin zombie (Ossuary)
  5 wights
  5 killer bees
  A howler monkey (D:7)
  A bullfrog zombie (Ossuary)
  2 orc priests
  3 centaur zombies (Ossuary)
  3 hounds (D:5)
  2 iguanas
  A jelly (D:5)
  3 sleepcaps
  Jessica (D:3)
  A gnoll bouda (D:6)
  An orc wizard (D:4)
  A scorpion zombie (Ossuary)
  10 adders
  9 gnolls
  A shadow imp (D:6)
  2 white imps
  An ufetubus (D:6)
  3 adder zombies (Ossuary)
  5 worms
  15 orcs
  8 ball pythons
  8 bats
  5 endoplasms
  3 gnoll zombies (Ossuary)
  10 goblins
  4 hobgoblins
  4 jackals
  12 kobolds
  3 quokkas
  A frilled lizard (D:3)
  2 goblin zombies (Ossuary)
  9 hobgoblin zombies (Ossuary)
  2 orc zombies (Ossuary)
  12 rats
  A lurking horror (D:7)
179 creatures vanquished.

Notes
Turn   | Place    | Note
-------+----------+-------------------------------------------
     0 | D:1      | Fecro the Spriggan Brigand began the quest for the Orb.
     0 | D:1      | Reached XP level 1. HP: 10/10 MP: 2/2
    31 | D:1      | Reached skill level 6 in Stealth
   137 | D:2      | Reached XP level 2. HP: 10/14 MP: 3/3
   388 | D:1      | Reached skill level 7 in Stealth
   545 | D:1      | Reached XP level 3. HP: 18/18 MP: 4/4
  1415 | D:2      | Found an ancient bone altar of Kikubaaqudgha.
  1845 | D:2      | Reached XP level 4. HP: 22/22 MP: 5/5
  2264 | D:3      | Found a faded altar of an unknown god.
  2280 | D:3      | Reached skill level 8 in Stealth
  2872 | D:3      | Noticed Jessica
  2879 | D:3      | Killed Jessica
  2880 | D:3      | Reached XP level 5. HP: 25/25 MP: 6/6
  2970 | D:4      | Reached skill level 9 in Stealth
  3029 | D:4      | Noticed an ogre
  3049 | D:4      | Killed an ogre
  3050 | D:4      | Reached XP level 6. HP: 30/30 MP: 7/7
  3257 | D:4      | Noticed an ice beast
  3611 | D:1      | Killed an ice beast
  3612 | D:1      | Reached skill level 1 in Ranged Weapons
  3612 | D:1      | Reached skill level 10 in Stealth
  3678 | D:4      | Found a staircase to the Ecumenical Temple.
  3684 | Temple   | Entered the Ecumenical Temple
  3874 | Temple   | Became a worshipper of Ashenzari the Shackled
  4344 | D:5      | Entered Level 5 of the Dungeon
  4362 | D:5      | Noticed a water moccasin
  4370 | D:5      | Killed a water moccasin
  4371 | D:5      | Reached XP level 7. HP: 34/34 MP: 8/8
  4508 | D:4      | Reached skill level 11 in Stealth
  5075 | D:5      | Reached * piety under Ashenzari
  5470 | D:6      | Reached XP level 8. HP: 39/39 MP: 9/9
  5578 | D:6      | Found a basalt altar of Yredelemnul.
  5578 | D:6      | Found a burning altar of Makhleb.
  5578 | D:6      | Found an ornate altar of the Wu Jian Council.
  5742 | D:6      | Found a shadowy altar of Dithmenos.
  5742 | D:6      | Found a snail-covered altar of Cheibriados.
  6014 | D:6      | Reached skill level 12 in Stealth
  6115 | D:6      | Reached skill level 5 in Ranged Weapons
  6843 | D:6      | Identified the +1 trident of Plog {protect, rC+++ Str-2}
  7461 | D:7      | Found a sand-covered staircase.
  7467 | Ossuary  | Entered an ossuary
  7936 | Ossuary  | Noticed a silent spectre
  8007 | D:7      | Noticed a hornet
  8007 | D:7      | Noticed a hornet
  8060 | D:6      | Reached XP level 9. HP: 24/43 MP: 10/10
  9290 | D:7      | Reached skill level 1 in Evocations
  9467 | D:7      | Found a one-way gate to the infinite horrors of the Abyss.
  9467 | D:7      | Found a corrupted altar of Lugonu.
 10049 | D:7      | Found an iron altar of Okawaru.
 10253 | D:8      | Found a flagged portal.
 10273 | D:8      | Noticed a two-headed ogre
 10335 | D:8      | Killed a two-headed ogre
 10336 | D:8      | Reached skill level 5 in Throwing
 10336 | D:8      | Reached skill level 13 in Stealth
 10398 | Bailey   | Entered a bailey
 10404 | Bailey   | Noticed an orc knight
 10405 | Bailey   | Noticed an orc knight
 10416 | Bailey   | Noticed an orc knight
 10443 | Bailey   | Mangled by an orc knight

Illustrated notes

Levels and vault maps discovered:
D:1:      tarquinn_simple_flora_water_d, layout_basic, serial_rivers,
          chequers_serial_rivers_large_b, chequers_serial_rivers_large_a,
          chequers_serial_rivers_micro_c, chequers_serial_rivers_micro_b,
          chequers_serial_rivers_small_b, chequers_serial_rivers_micro_a
D:2:      layout_loops_ring, basic_altar, minivault_5
D:3:      layout_basic, shapermc_ecumenical_altar_mp_ritualfount, uniq_jessica
D:4:      layout_loops_ring, minmay_temple_entry_gardened_gates
D:5:      layout_rooms, chequers_serial_rivers_micro_c,
          kennysheep_generic_room_3
D:6:      dreamdust_elfheim, layout_loops_ring,
          gammafunk_temple_overflow_forgotten, jmf_multi_god_temple,
          chequers_serial_rivers_room_b, columned_hall_lemuel, minivault_10
D:7:      layout_rooms, mainiacjoe_overflow_surrounded_room,
          nicolae_ossuary_entry_plus, grunt_ministairs_10,
          amcnicky_altar_lugonu_corruption
D:8:      layout_gridville, mainiacjoe_overflow_small_starburst,
          nicolae_overflow_squiral, vehumet_altar_wand_db, enter_bailey_5
Temple:   chequers_temple_sunken
Bailey:   bailey_axe_4, bailey

Skill      XL: |  1  2  3  4  5  6  7  8  9 |
---------------+----------------------------+-----
Stealth        | 6 7 8 9 10 11 12 13 | 13.2
Dodging        | 2 3 4 |  4.4
Short Blades   | 3 4 |  4.8
Throwing       | 3 5 |  5.1
Ranged Weapons | 2 3 7 8 |  8.6
Fighting       | 2 3 |  3.4
Evocations     | 2 |  2.2

Action                     |  1- 3 |  4- 6 |  7- 9 || total
---------------------------+-------+-------+-------++-------
  Melee: Dagger            |   131 |    78 |    94 ||   303
         Punch             |     1 |     1 |       ||     2
   Fire: Sling             |       |    48 |    16 ||    64
         Shortbow          |       |       |   488 ||   488
  Throw: Dart              |     6 |    12 |    25 ||    43
         Throwing net      |       |       |     3 ||     3
         Boomerang         |       |       |    17 ||    17
 Invoke: Curse Item        |       |       |     1 ||     1
         Shatter the Chain |       |       |     1 ||     1
  Evoke: Wand              |       |       |     7 ||     7
    Use: Potion            |       |       |     5 ||     5
   Stab: Sleeping          |    11 |    21 |     4 ||    36
         Distracted        |     1 |       |     1 ||     2
 Armour: Robe              |    18 |     6 |    25 ||    49
  Dodge: Dodged            |   116 |    32 |   220 ||   368
